 Dungeon Crawl Stone Soup version 0.29-a0-519-g90894fa (webtiles) character file.

Game seed: 7932096685778252844

63 Toastz the Skirmisher (level 3, -2/30 HPs)
             Began as a Demonspawn Abyssal Knight on May 30, 2022.
             Was a Priest of Lugonu.
             Slain by a gnoll
             ... wielding a +0 halberd
              (6 damage)
             ... on level 2 of the Dungeon.
             The game lasted 00:04:27 (1873 turns).

Toastz the Skirmisher (Demonspawn Abyssal Knight)   Turns: 1873, Time: 00:04:27

Health: -2/30      AC:  3    Str: 15    XL:     3   Next: 87%
Magic:  4/4        EV: 11    Int: 11    God:    Lugonu [***...]
Gold:   85         SH:  0    Dex: 13    Spells: 2/2 levels left

rFire   . . .      SeeInvis .   a - +1 mace
rCold   . . .      Faith    .   (no shield)
rNeg    . . .      Spirit   .   b - +0 leather armour
rPois   .          Reflect  .   (no helmet)
rElec   .          Harm     .   (no cloak)
rCorr   .          Rampage  .   (no gloves)
Will    .....                   (no boots)
Stlth   +.........              (no amulet)
HPRegen 0.10/turn               (no ring)
MPRegen 0.09/turn               (no ring)

@: no status effects
A: demonic touch 2
a: Renounce Religion, Depart the Abyss, Bend Space, Banish


You were on level 2 of the Dungeon.
You worshipped Lugonu.
Lugonu was most pleased with you.
You visited 1 branch of the dungeon, and saw 2 of its levels.
You visited the Abyss 1 time.

You collected 85 gold pieces.

Inventory:

Hand Weapons
 a - a +1 mace (weapon)
Missiles
 d - 94 stones
Armour
 b - a +0 leather armour (worn)
Scrolls
 h - a scroll of identify {unknown}
 i - 2 scrolls of noise {unknown}
 j - 3 scrolls of fog {unknown}
 k - a scroll of amnesia {unknown}
Potions
 c - a potion of brilliance {unknown}
 e - 3 potions of heal wounds {unknown}
 f - 2 potions of curing {unknown}
 g - a potion of berserk rage {unknown}
 l - a potion of degeneration {unknown}


   Skills:
 + Level 4.3 Fighting
 - Level 2.6 Maces & Flails
 - Level 1.7 Armour
 - Level 0.8 Dodging
 - Level 2.4 Invocations


You had 2 spell levels left.
You didn't know any spells.
Your spell library was empty.

Dungeon Overview and Level Annotations

Branches:
Dungeon (2/15)

Altars:

Shops:
D:1 (   D:2 :


Innate Abilities, Weirdness & Mutations

Your touch may inflict irresistible damage on your foes.


Message History

You see here a +0 hunting sling.
Found a stone staircase leading down.
There is a stone staircase leading down here.
Found a stone staircase leading up.
Found a dagger.
A kobold comes into view. It is wielding a +0 club.
Found 25 stones.
The kobold shouts!
A kobold is nearby!
You sock the kobold!
You kill the kobold!
Lugonu accepts your kill.
Things that are here:
a +0 club; a kobold corpse
d - 94 stones (gained 25)
A gnoll comes into view. It is wielding a +0 halberd.
A gnoll is nearby!
A gnoll comes into view. It is wielding a +0 halberd.
The gnoll shouts!
The gnoll hits you with a +0 halberd!
A gnoll comes into view. It is wielding a +0 spear.
The gnoll shouts!
You hit the gnoll. Your touch misses the gnoll.
The gnoll is lightly wounded.
The gnoll hits you from afar with a +0 halberd.
The gnoll barely misses you.
You closely miss the gnoll.
The gnoll is lightly wounded.
The gnoll barely misses you.
The gnoll hits you from afar with a +0 halberd.
* * * LOW HITPOINT WARNING * * *
You hit the gnoll but do no damage.
The gnoll is lightly wounded.
The gnoll barely misses you. x2
You barely miss the gnoll.
The gnoll is lightly wounded.
The gnoll hits you with a +0 halberd.
* * * LOW HITPOINT WARNING * * *
The gnoll closely misses you. The gnoll hits you with a +0 halberd.
You die...

##### #...##
.....###########
...............#
.....#########.#####.#
#...## #$.@ggg# ##.##
#######.# ##.###
.....# ##.#.# ##.#.#
##...# ####.# ####.##


You could see 3 gnolls.

Vanquished Creatures
  An adder (D:2)
  4 ball pythons
  5 bats
  5 endoplasms
  2 giant cockroaches
  3 goblins (D:2)
  5 hobgoblins
  4 jackals (D:1)
  5 quokkas
  4 frilled lizards
  2 kobolds
  5 rats (D:1)
45 creatures vanquished.

Notes
Turn   | Place    | Note
-------+----------+-------------------------------------------
     0 | Abyss:1  | Toastz the Demonspawn Abyssal Knight began the quest for
                  | the Orb.
     0 | Abyss:1  | Reached XP level 1. HP: 18/18 MP: 2/2
    35 | Abyss:1  | Noticed an apocalypse crab
    36 | D:1      | Escaped the Abyss
   118 | D:1      | Reached ** piety under Lugonu
   220 | D:1      | Gained mutation: Your touch may inflict minor irresistible
                  | damage on your foes. [demonic ancestry]
   220 | D:1      | Reached XP level 2. HP: 22/24 MP: 3/3
  1179 | D:1      | Gained mutation: Your touch may inflict irresistible damage
                  | on your foes. [demonic ancestry]
  1179 | D:1      | Reached XP level 3. HP: 24/29 MP: 4/4
  1231 | D:1      | Found Naiqif's Weapon Shop.
  1549 | D:2      | Reached skill level 4 in Fighting
  1673 | D:2      | Found Yfraink's Book Shoppe.
  1737 | D:2      | Reached *** piety under Lugonu
  1873 | D:2      | Slain by a gnoll

Illustrated notes

Levels and vault maps discovered:
D:1:      wheals_arrival_shading, layout_basic, serial_shops, shop
D:2:      minmay_diamond_boxcup, layout_loops_cross, serial_shops,
          nicolae_shop_stone, basic_altar, chequers_serial_rivers_micro_e,
          hangedman_decor_growths

Skill      XL: |  1  2  3 |
---------------+----------+-----
Maces & Flails | 2 |  2.6
Fighting       | 4 |  4.3
Armour         | |  1.7
Dodging        | |  0.8
Invocations    | |  2.4

Action                   || total
-------------------------++-------
Melee: Mace              ||    94
       Unarmed           ||     8
       Touch             ||    11
       Punch             ||     2
Invok: Depart the Abyss  ||     1
 Stab: Sleeping          ||     1
Armor: Leather armour    ||    35
Dodge: Dodged            ||    64

Table legend: (Time is in decaauts)
 A = Elapsed time spent in this place.
 B = Non-inter-level travel time spent in this place.
 C = Inter-level travel time spent in this place.
 D = Time resting spent in this place.
 E = Time spent auto-exploring this place.
 F = Levels seen in this place.
 G = Mean time per level.
                   A        B        C        D        E       F      G
               +--------+--------+--------+--------+--------+-----+--------+
         Total |   1896 |   1881 |     15 |      0 |   1601 |   3 |  632.0 |
       Dungeon |   1860 |   1845 |     15 |      0 |   1566 |   2 |  930.0 |
         Abyss |     36 |     36 |      0 |      0 |     35 |   1 |   36.0 |
               +--------+--------+--------+--------+--------+-----+--------+

Top non-repeatable levels by time:
     D:1: 1354 daAuts
     D:2: 506 daAuts
 Abyss:1: 36 daAuts
